 Dungeon Crawl Stone Soup version 0.30.1-11-g7821555f0a (webtiles) character file.

Game seed: 16203900103632502465

50 PaiMei the Grave Robber (level 3, -12/25 HPs)
             Began as a Demonspawn Necromancer on Jan 10, 2024.
             Mangled by Terence
             ... wielding a +0 morningstar
              (13 damage)
             ... on level 1 of the Dungeon.
             The game lasted 00:01:49 (1366 turns).

PaiMei the Grave Robber (Demonspawn Necromancer)    Turns: 1366, Time: 00:01:49

Health: -12/25     AC:  2    Str:  8    XL:     3   Next: 55%
Magic:  3/6        EV: 12    Int: 18    God:
Gold:   25         SH:  0    Dex: 13    Spells: 3/7 levels left

rFire   . . .        h - +0 short sword
rCold   . . .        (no shield)
rNeg    . . .        a - +0 robe
rPois   .            (helmet restricted)
rElec   .            (no cloak)
rCorr   .            (no gloves)
SInv    .            (no boots)
Will    .....        (no amulet)
Stlth   ++           (no ring)
HPRegen 0.24/turn    (no ring)
MPRegen 0.10/turn

%: no passive effects
@: no status effects
A: horns 1
a: no special abilities


You were on level 1 of the Dungeon.
You visited 1 branch of the dungeon, and saw 2 of its levels.

You collected 25 gold pieces.

Inventory:

Hand Weapons
 h - a +0 short sword (weapon)
Missiles
 k - 6 poisoned darts (quivered)
Armour
 a - a +0 robe (worn)
Scrolls
 c - a scroll of poison {unknown}
 e - a scroll of magic mapping {unknown}
 g - a scroll of vulnerability {unknown}
Potions
 b - a potion of magic
 d - a potion of brilliance {unknown}
 f - 2 potions of flight {unknown}
 i - a potion of might {unknown}
 j - 2 potions of resistance {unknown}


   Skills:
 + Level 0.5 Fighting
 + Level 2.3 Dodging
 - Level 2.3 Stealth
 + Level 2.5 Spellcasting
 + Level 4.7 Necromancy


You had 3 spell levels left.
You knew the following spells:

 Your Spells              Type           Power      Damage    Failure   Level
a - Necrotise             Necr           76%        1d7       2%          1
b - Vampiric Draining     Necr           19%        2d7       8%          3

Your spell library contained the following spells:

 Spells                   Type           Power      Damage    Failure   Level
 Ensorcelled Hibernation  Hex/Ice        4%         N/A       26%         2
 Passwall                 Tmut/Erth      1%         N/A       26%         2
 Swiftness                Air            2%         N/A       45%         3
 Animate Dead             Necr           19%        N/A       24%         4
 Agony                    Necr           19%        N/A       56%         5


Dungeon Overview and Level Annotations

Branches:
Dungeon (2/15)

Altars:

Annotations:
D:1 Terence


Innate Abilities, Weirdness & Mutations

You have a pair of small horns on your head.


Message History

You feel sick.
Casting: Necrotise (safe; 2% risk of failure)
Confirm with . or Enter, or press ? or * to list all spells.
Aiming: Necrotise (safe; 2% risk of failure)
Press: ? - help, Shift-Dir - straight line, f/p - adder
Aim: an adder (heavily wounded, chance to affect: 84%)
The adder writhes in agony!
You kill the adder!
The dead are slithering!
You feel sick.
You feel sick.
Your adder skeleton bites Terence but does no damage.
You feel sick.
You are no longer poisoned.
Your adder skeleton bites Terence.
Casting: Necrotise (safe; 2% risk of failure)
Confirm with . or Enter, or press ? or * to list all spells.
Aiming: Necrotise (safe; 2% risk of failure)
Press: ? - help, Shift-Dir - straight line, f - Terence
Aim: Terence, wielding a +0 morningstar and wearing a +0 scale mail (ally target, chance to affect: 84%) Terence writhes in agony.
Your adder skeleton bites Terence but does no damage.
Casting: Necrotise (safe; 2% risk of failure)
Confirm with . or Enter, or press ? or * to list all spells.
Aiming: Necrotise (safe; 2% risk of failure)
Press: ? - help, Shift-Dir - straight line, f/p - Terence
Aim: Terence, wielding a +0 morningstar and wearing a +0 scale mail (lightly wounded, ally target, chance to affect: 84%) Terence writhes in agony.
Terence attacks as you move away! Terence hits you with a +0 morningstar.
There is an escape hatch in the ceiling here.
Terence hits you with a +0 morningstar!
* * * LOW HITPOINT WARNING * * *
A mysterious force pulls you upwards. The hatch slams shut behind you.
Terence attacks as you move away! Terence barely misses you.
Terence says, "Don't bother to defend, it's useless."
Terence screams, "I want your blood!" Terence attacks as you move away!
Terence hits you with a +0 morningstar.
* * * LOW HITPOINT WARNING * * *
Terence attacks as you move away! Terence hits you with a +0 morningstar!
Ouch! That really hurt!
You die...

######### ........#
##...##.###############
#..............@@....#
#...##.#############.#
#### ##.###.# #########.##
#...
###.....#####..........###
#.##
.........................#
#.#
.........................#
#.#
...............#####.....#
#.#
...............#...#.....#
#.#
.........#######.8.#.....#
#.#


You could see Terence.

Vanquished Creatures
  2 adders (D:2)
  4 bats
  A giant cockroach (D:1)
  2 hobgoblins
  7 jackals (D:1)
  2 quokkas (D:1)
  3 ball pythons (D:1)
  A frilled lizard (D:1)
  A goblin (D:1)
  2 kobolds (D:1)
  2 rats (D:1)
27 creatures vanquished.

Vanquished Creatures (collateral kills)
  An endoplasm (D:1)
  A jackal (D:1)
2 creatures vanquished.

Grand Total: 29 creatures vanquished

Notes
Turn   | Place    | Note
-------+----------+-------------------------------------------
     0 | D:1      | PaiMei the Demonspawn Necromancer began the quest for the
                  | Orb.
     0 | D:1      | Reached XP level 1. HP: 13/13 MP: 3/3
   238 | D:1      | Gained mutation: You have a pair of small horns on your
                  | head. [demonic ancestry]
   238 | D:1      | Reached XP level 2. HP: 15/19 MP: 0/5
   901 | D:1      | Reached XP level 3. HP: 24/24 MP: 4/6
   905 | D:1      | Learned a level 3 spell: Vampiric Draining
  1335 | D:2      | Noticed Terence
  1365 | D:1      | HP: 1/25 [Terence/+0 morningstar (5)]
  1366 | D:1      | Mangled by Terence

Illustrated notes

Levels and vault maps discovered:
D:1:      wander_arrival_estate, layout_loops_ring
D:2:      layout_loops_ring, shapermc_ecumenical_altar_petra,
          minmay_heptomino_l4, uniq_robin, uniq_jessica, uniq_terence

Skill      XL: |  1 |
---------------+----+-----
Stealth        | 2 |  2.3
Dodging        | 2 |  2.3
Fighting       | |  0.5
Spellcasting   | |  2.5
Necromancy     | |  4.7

Action                     || total
---------------------------++-------
  Melee: Unarmed           ||    29
         Headbutt          ||     2
         Short sword       ||     1
   Cast: Necrotise         ||    53
 Armour: Robe              ||     8
  Dodge: Dodged            ||    40
